 Dungeon Crawl Stone Soup version 0.22-a0-430-g6609fc65db (webtiles) character file.

373442 lolwat the Tortoise (level 21, -6/187 HPs)
             Began as a Demonspawn Chaos Knight on May 25, 2018.
             Was the Champion of Makhleb.
             Mangled by a deep troll (18 damage)
             ... led by an ironheart preserver
             ... on level 5 of the Vaults on May 26, 2018.
             The game lasted 02:24:22 (40928 turns).

lolwat the Tortoise (Demonspawn Chaos Knight)      Turns: 40928, Time: 02:24:23

Health: -6/187     AC: 43    Str: 28    XL:     21   Next: 74%
Magic:  30/30      EV:  8    Int: 21    God:    Makhleb [******]
Gold:   1665       SH: 22    Dex: 27    Spells: 11/20 levels left

rFire    + . .     SeeInvis +   j - +8 long sword of Dyukigiall {chaos, +Inv rElec rC+ rN+}
rCold    + . .     Gourm    .   a - +5 shield "Ilorch" {Int+4}
rNeg     + + .     Faith    .   r - +6 crystal plate armour
rPois    +         Spirit   .   u - +0 hat "Ykhim" {Int+2 Slay+2 SInv}
rElec    +         Reflect  .   e - scarf {repulsion}
rCorr    +         Harm     .   (gloves unavailable)
MR       ++++.                  v - +1 pair of boots
Stlth    ..........             J - amulet of Imucw {rElec rC- MR+ Regen+ Str+4}
HPRegen  1.21/turn              y - ring of Apaehir {MR+ MP+9 Str+4 Dex+7}
MPRegen  0.22/turn              f - ring "Egiuskec" {MR+ Dex+6 SInv}

@: resistant, repel missiles
A: antennae 1, claws 3, talons 1, iridescent scales 3, demonic guardian 2,
negative energy resistance 1, regeneration 1, robust 1, screaming 1, shaggy fur
1, spiny 3, 50% torment resistance, MP-powered wands
}: 2/15 runes: decaying, gossamer
a: Minor Destruction, Lesser Servant of Makhleb, Major Destruction, Greater
Servant of Makhleb, Renounce Religion, Evoke Invisibility


You were on level 5 of the Vaults.
You worshipped Makhleb.
Makhleb was exalted by your worship.
You were not hungry.

You visited 8 branches of the dungeon, and saw 40 of its levels.
You also visited: Labyrinth and Ice Cave.

You collected 4461 gold pieces.
You spent 2796 gold pieces at shops.

Inventory:

Hand Weapons
 j - the +8 long sword of Dyukigiall (weapon) {chaos, +Inv rElec rC+ rN+}
   (You bought it in a shop on level 2 of the Orcish Mines)

   Each time it hits an enemy it has a different, random effect.
   It protects you from cold.
   It insulates you from electricity.
   It protects you from negative energy.
   It lets you turn invisible.
 l - a +5 demon blade of electrocution
Armour
 a - the +5 shield "Ilorch" (worn) {Int+4}
   (You acquired it on level 1 of the Vaults)

   It affects your intelligence (+4).
 e - a scarf of repulsion (worn)
 r - a +6 crystal plate armour (worn)
 u - the +0 hat "Ykhim" (worn) {Int+2 Slay+2 SInv}
   (You found it in an ice cave)

   It affects your intelligence (+2).
   It affects your accuracy and damage with ranged weapons and melee attacks
   (+2).
   It lets you see invisible.
 v - a +1 pair of boots (worn)
 w - a scarf of spirit shield
 C - a +2 large shield of protection
Jewellery
 f - the ring "Egiuskec" (right claw) {MR+ Dex+6 SInv}
   (You took it off a deep elf annihilator on level 3 of the Elven Halls)

   [ring of see invisible]

   It affects your dexterity (+6).
   It affects your resistance to hostile enchantments.
   It lets you see invisible.
 h - the ring "Mommoxzi" {rC+ MR+}
   (You bought it in a shop on level 2 of the Orcish Mines)

   [ring of protection from magic]

   It protects you from cold.
   It affects your resistance to hostile enchantments.
 k - the amulet of Midsummer {rPois rN+ Regen+ SInv Stlth-}
   (You took it off a deep elf death mage on level 3 of the Elven Halls)

   [amulet of regeneration]

   It protects you from poison.
   It protects you from negative energy.
   It lets you see invisible.
   It increases your rate of regeneration.
   It makes you less stealthy.
 o - an uncursed ring of protection from fire
 t - an uncursed ring of positive energy
 y - the ring of Apaehir (left claw) {MR+ MP+9 Str+4 Dex+7}
   (You found it on level 1 of the Spider Nest)

   [ring of protection from magic]

   It affects your strength (+4).
   It affects your dexterity (+7).
   It affects your resistance to hostile enchantments.
   It affects your magic capacity (+9).
 J - the amulet of Imucw (around neck) {rElec rC- MR+ Regen+ Str+4}
   (You acquired it on level 1 of the Lair of Beasts)

   [amulet of regeneration]

   It affects your strength (+4).
   It makes you vulnerable to cold.
   It insulates you from electricity.
   It affects your resistance to hostile enchantments.
   It increases your rate of regeneration.
 P - a +4 ring of slaying
Wands
 m - a wand of clouds (12)
 q - a wand of digging (50)
 E - a wand of polymorph (16)
 L - a wand of iceblast (40)
 M - a wand of disintegration (17)
 R - a wand of acid (18)
Scrolls
 d - 12 scrolls of teleportation
 n - 6 scrolls of amnesia
 s - 3 scrolls of fog
 z - 16 scrolls of remove curse
 A - 2 scrolls of silence
 F - 2 scrolls of blinking
 I - 4 scrolls of identify
 K - a scroll of magic mapping
 N - 5 scrolls of fear
 O - 2 scrolls of immolation
Potions
 b - 2 potions of cancellation
 g - 6 potions of curing
 i - 4 potions of brilliance
 p - 3 potions of ambrosia
 x - 3 potions of resistance
 B - 8 potions of flight
 D - a potion of haste
 G - a potion of mutation
 H - 6 potions of magic
 S - a potion of heal wounds
Comestibles
 c - 63 rations


   Skills:
 + Level 15.9 Fighting
 + Level 17.1 Long Blades
 + Level 20.7 Armour
 - Level 1.5 Dodging
 * Level 18.5 Shields


You had 11 spell levels left.
You knew the following spells:

 Your Spells              Type           Power        Failure   Level  Hunger
a - Shatter               Erth           #.........   100%        9    #######

Your spell library contained the following spells:

 Spells                   Type           Power        Failure   Level  Hunger
 Magic Dart               Conj           #...         88%         1    ##.....
 Apportation              Tloc           #.....       88%         1    ##.....
 Conjure Flame            Conj/Fire      #.......     99%         3    ####...
 Bolt of Magma            Conj/Fire/Erth #.........   100%        5    ######.
 Slow                     Hex            #.......     96%         2    ###....
 Invisibility             Hex            #.......     100%        6    #######
 Throw Frost              Conj/Ice       #.....       96%         2    ###....
 Freezing Cloud           Conj/Ice/Air   #.........   100%        6    #######
 Mephitic Cloud           Conj/Pois/Air  #.......     99%         3    ####...
 Ring of Flames           Chrm/Fire      #.........   100%        7    #######
 Venom Bolt               Conj/Pois      #.........   100%        5    ######.
 Teleport Other           Tloc           #.......     99%         3    ####...
 Summon Small Mammal      Summ           #...         88%         1    ##.....
 Blink                    Tloc           N/A          96%         2    ###....
 Iskenderun's Mystic Bla  Conj           #.......     100%        4    #####..
 Animate Dead             Necr           N/A          100%        4    #####..
 Pain                     Necr           #...         88%         1    ##.....
 Animate Skeleton         Necr           N/A          88%         1    ##.....
 Vampiric Draining        Necr           #.........   99%         3    ####...
 Freeze                   Ice            #...         88%         1    ##.....
 Ozocubu's Refrigeration  Ice            #.........   100%        6    #######
 Summon Ice Beast         Ice/Summ       #.......     100%        4    #####..
 Ozocubu's Armour         Chrm/Ice       #.......     99%         3    ####...
 Call Imp                 Summ           #.......     96%         2    ###....
 Regeneration             Chrm/Necr      #.........   99%         3    ####...
 Tukima's Dance           Hex            #.......     99%         3    ####...
 Summon Demon             Summ           #.........   100%        5    ######.
 Iron Shot                Conj/Erth      #.........   100%        6    #######
 Recall                   Summ/Tloc      N/A          99%         3    ####...
 Spider Form              Tmut/Pois      #.........   99%         3    ####...
 Blade Hands              Tmut           #.........   100%        5    ######.
 Statue Form              Tmut/Erth      #........    100%        6    #######
 Ice Form                 Ice/Tmut       #.......     100%        4    #####..
 Throw Icicle             Conj/Ice       #.......     100%        4    #####..
 Shadow Creatures         Summ           N/A          100%        6    #######
 Confusing Touch          Hex            #.....       88%         1    ##.....
 Sticks to Snakes         Tmut           #.......     96%         2    ###....
 Call Canine Familiar     Summ           #.......     99%         3    ####...
 Ensorcelled Hibernation  Hex/Ice        #.....       96%         2    ###....
 Summon Butterflies       Summ           #.......     88%         1    ##.....
 Alistair's Intoxication  Tmut/Pois      #.......     100%        5    ######.
 Passage of Golubria      Tloc           N/A          100%        4    #####..
 Orb of Destruction       Conj           #.........   100%        7    #######
 Leda's Liquefaction      Hex/Erth       #.........   100%        4    #####..
 Shroud of Golubria       Chrm/Tloc      #.........   96%         2    ###....
 Aura of Abjuration       Summ           #.........   100%        5    ######.
 Beastly Appendage        Tmut           #.....       88%         1    ##.....
 Iskenderun's Battlesphe  Conj/Chrm      #.......     100%        5    ######.
 Fulminant Prism          Conj/Hex       #.........   100%        4    #####..
 Dazzling Spray           Conj/Hex       #.....       99%         3    ####...
 Force Lance              Conj/Tloc      #.......     100%        4    #####..
 Searing Ray              Conj           #.....       96%         2    ###....
 Summon Forest            Summ/Tloc      #.........   100%        5    ######.
 Summon Lightning Spire   Summ/Air       #.......     100%        4    #####..
 Summon Guardian Golem    Hex/Summ       #.......     99%         3    ####...
 Spellforged Servitor     Conj/Summ      #.........   100%        7    #######
 Summon Mana Viper        Hex/Summ       #.......     100%        5    ######.
 Gell's Gravitas          Tloc           #.........   99%         3    ####...
 Lesser Beckoning         Tloc           #.........   99%         3    ####...
 Poisonous Vapours        Pois/Air       #.....       96%         2    ###....
 Borgnjor's Vile Clutch   Necr/Erth      #.........   100%        5    ######.


Dungeon Overview and Level Annotations

Branches:
Dungeon (15/15)            Temple (1/1) D:6            Lair (6/6) D:10
  Swamp (4/4) Lair:2       Spider (4/4) Lair:2        Slime (0/5) Lair:6
    Orc (2/2) D:9             Elf (3/3) Orc:2        Vaults (5/5) D:13
  Crypt (0/3) Vaults:3     Depths (0/5) D:15

Altars:
Ashenzari
Cheibriados
Dithmenos
Elyvilon
Fedhas
Gozag
Hepliaklqana
Kikubaaqudgha
Makhleb
Nemelex Xobeh
Okawaru
Qazlal
Ru
Sif Muna
Trog
Uskayaw
Vehumet
Wu Jian
Xom
Yredelemnul
Zin
The Shining One
Beogh
Jiyva

Shops:
D:2 *   D:6 ?   Orc:1 *   Orc:2 ([(=*   Elf:1 :   Elf:3 %   Vaults:1 (%*:
Vaults:5 (}

Annotations:
D:3 2 transporters


Innate Abilities, Weirdness & Mutations

You have claws for hands.
You are completely covered in iridescent scales. (AC +6)
A demonic guardian rushes to your aid.
You resist negative energy. (rN+)
You are completely covered in sharp spines.
You are somewhat able to resist unholy torments (1 in 2 success).
You have a pair of small antennae on your head.
You have sharp toenails.
Your natural rate of healing is unusually fast.
You are robust. (+10% HP)
You occasionally shout uncontrollably at your foes.
You are covered in fur. (AC +1)
You expend magic power (3 MP) to strengthen your wands.


Message History

The deep troll shaman is severely wounded.
You block the deep troll's attack. x2; The deep troll closely misses you.
You block the deep troll shaman's attack. x2
The deep troll shaman claws you but does no damage.
You block the deep troll's attack. The deep troll claws you!
* * * LOW HITPOINT WARNING * * *
The deep troll claws you!
* * * LOW HITPOINT WARNING * * *
Unknown command.
Unknown command.
Unknown command.
You feel much better. The stone giant hits you!
* * * LOW HITPOINT WARNING * * *
You block the deep troll's attack. x3
You block the deep troll shaman's attack.
The deep troll shaman claws you but does no damage.
The deep troll shaman claws you!
* * * LOW HITPOINT WARNING * * *
The deep troll bites you!!
You die...

..... ..... ########
........ ........
........ ........
...###################..
......T@T.....)).)......
......T[C.[...)..)......
...###(..%....).[.......
. #+++#%†)....%......
#+++#.%........
.$.+...#........(.
...+.∩.#%.....)((.
####...###.....)(( #+++
#.?....).


You could see a stone giant, 2 deep trolls and a deep troll shaman.

Vanquished Creatures
  An ancient lich (Vaults:5)
  Mennas (Vaults:2)
  The ghost of GordonOverkill the Conqueror, a veteran HOSu of Qazlal (Vaults:5)
  Bai Suzhen (Spider:4)
  3 golden dragons (Vaults:5)
  A bone dragon (Swamp:4)
  Arachne (Spider:3)
  Jorgrun (Elf:3)
  2 deep elf master archers (Elf:3)
  2 deep elf blademasters
  A quicksilver dragon (IceCv)
  2 shadow dragons (Vaults:5)
  2 sphinxes
  Kirke (D:14)
  3 thorn hunters
  3 tengu reavers
  4 fire giants
  An azure jelly (shapeshifter) (Vaults:5)
  An orc warlord (Orc:1)
  Roxanne (Spider:1)
  6 deep elf sorcerers
  The ghost of brujo666 the Barachian Blade, a journeyman BaBe of Trog (Swamp:3)
  Aizul (Vaults:2)
  10 vault wardens
  3 emperor scorpions (Spider:4)
  2 frost giants (Vaults:5)
  2 deep elf elementalists (Elf:3)
  3 ghost moths (Spider:4)
  Louise (Elf:2)
  An ironheart preserver (shapeshifter) (Vaults:4)
  15 ironheart preservers
  The ghost of htuhola the Tortoise, a journeyman MiFi of the Shining One (D:13)
  4 entropy weavers
  2 deep elf demonologists
  9 stone giants
  2 very ugly things
  A dire elephant (D:15)
  4 spark wasps
  6 deep elf annihilators
  A minotaur (Lab)
  4 ettins
  7 deep elf death magi
  5 fire dragons
  A great orb of eyes (Vaults:2)
  Josephine (Orc:2)
  5 yaktaur captains
  2 deep elf high priests (Elf:3)
  The ghost of neozumm the Cleaver, a journeyman MiBe of Trog (D:11)
  2 rakshasas (Vaults:2)
  28 vault guards
  A ghost crab (Swamp:4)
  2 ice dragons
  11 hydras
  A catoblepas (shapeshifter) (Vaults:2)
  10 alligators
  A two-headed ogre (shapeshifter) (Vaults:2)
  Erica (D:9)
  A death knight (Vaults:3)
  15 two-headed ogres
  18 dancing weapons
  A tengu warrior (D:15)
  6 centaur warriors
  4 ogre magi
  2 deep troll shamans
  A deep troll earth mage (Vaults:5)
  4 spriggans
  An orc high priest (Orc:2)
  Urug (D:10)
  Nergalle (D:12)
  13 deep elf knights
  A soul eater (Spider:1)
  A shadow wraith (Vaults:2)
  A storm dragon skeleton (Vaults:3)
  3 unseen horrors
  19 deep trolls
  7 hell knights (Vaults:4)
  2 swamp dragons
  2 spriggan druids (Swamp:4)
  2 glowing orange brains
  14 deep elf archers
  3 wizards
  A spectral hydra (Swamp:4)
  A harpy (shapeshifter) (Vaults:4)
  14 orc knights
  A wolf spider zombie (D:15)
  A necromancer (Vaults:4)
  16 orb spiders
  15 ironbrand convokers
  An orb spider (shapeshifter) (Vaults:1)
  4 phantasmal warriors
  A lindwurm (Lair:6)
  48 deep elf magi
  25 wolf spiders
  4 manticores
  A stone giant zombie (Vaults:3)
  5 orc sorcerers
  4 cyclopes
  17 ugly things
  A shining eye (shapeshifter) (Vaults:2)
  3 moths of wrath
  7 black mambas
  8 elephants
  10 vault sentinels
  Maurice (D:10)
  Psyche (D:12)
  3 molten gargoyles (Lair:6)
  An ice statue (IceCv)
  A gargoyle (D:11)
  3 torpor snails
  7 centaur skeletons
  15 spiny frogs
  A rime drake (Lair:4)
  4 freezing wraiths
  3 swamp worm zombies (Swamp:4)
  14 demonic crawlers
  46 yaktaurs
  11 komodo dragons
  3 hydra zombies (Swamp:4)
  24 jumping spiders
  6 trolls
  2 jumping spiders (shapeshifter)
  2 tengu conjurers
  15 polar bears
  16 hornets
  5 bog bodies
  9 tyrant leeches
  3 meliai (D:15)
  2 alligator zombies (Swamp:4)
  4 dream sheep (Lair:4)
  39 slime creatures
  A dream sheep (shapeshifter) (D:13)
  A spectral swamp dragon (Swamp:4)
  5 hippogriffs
  62 redbacks
  2 centaur simulacra (D:15)
  3 shadows
  A spriggan (shapeshifter) (Vaults:1)
  2 air elementals (Elf:1)
  23 tarantellas
  8 basilisks
  7 wyverns
  26 yaks
  3 water elementals
  5 hungry ghosts
  5 wraiths
  A golden eye (shapeshifter) (Vaults:4)
  A hog (D:14)
  4 fire elementals
  23 vampire mosquitoes
  A steam dragon (Lair:6)
  A yaktaur simulacrum (Vaults:3)
  7 wargs
  23 insubstantial wisps
  3 soldier ants (D:11)
  An acid dragon (D:15)
  The ghost of Banto the Sneak, an amateur OpEE (D:4)
  A soldier ant (shapeshifter) (Vaults:3)
  19 swamp worms
  6 water moccasins
  8 swamp drakes
  A porcupine (shapeshifter) (D:10)
  A floating eye (shapeshifter) (Vaults:5)
  3 hell hounds (Lair:6)
  8 porcupines
  9 ice beasts
  36 orc warriors
  A hornet zombie (D:13)
  An eye of draining (D:15)
  4 sky beasts
  3 swamp dragon zombies (Swamp:4)
  24 wolves
  8 phantoms
  2 boggarts (Vaults:1)
  20 ogres
  7 centaurs
  6 crocodiles
  9 bullfrogs
  A human skeleton (Vaults:3)
  5 big kobolds
  3 wyvern zombies
  A wyvern skeleton (D:13)
  3 earth elementals (Elf:1)
  A water moccasin zombie (D:10)
  7 scorpions
  A human simulacrum (Vaults:1)
  A water moccasin skeleton (D:4)
  8 killer bees
  18 wights
  2 electric eels
  A howler monkey (D:6)
  4 lava snakes (Lair:6)
  9 crimson imps
  A bullfrog zombie (D:6)
  6 centaur zombies
  4 jellies
  2 quasits
  2 bullfrog skeletons
  A gnoll shaman (D:5)
  22 orc priests
  12 hounds
  29 orc wizards
  7 iguanas
  3 spectral swamp drakes (Swamp:4)
  14 worker ants
  A killer bee zombie (D:7)
  A hound skeleton (D:4)
  7 gnolls
  A river rat (D:4)
  3 swamp drake zombies (Swamp:4)
  15 adders
  3 shadow imps
  An ooze (D:6)
  An adder skeleton (D:7)
  4 worms
  4 dart slugs
  9 leopard geckos
  107 orcs
  14 bats
  9 giant cockroaches
  6 goblins
  7 hobgoblins
  8 jackals
  A quokka (D:4)
  A ball python (D:3)
  3 frilled lizards
  A jackal zombie (D:5)
  30 kobolds
  A leopard gecko zombie (D:7)
  A quokka skeleton (D:6)
  6 rats
  A briar patch (Swamp:2)
  A fire vortex (D:13)
1555 creatures vanquished.

Vanquished Creatures (collateral kills)
  A thorn hunter (Swamp:2)
  A shadow dragon (Vaults:5)
  2 orc warlords (Orc:2)
  3 deep elf sorcerers
  2 emperor scorpions
  A vault warden (Vaults:2)
  A deep elf elementalist (Elf:3)
  3 ironheart preservers
  An entropy weaver (Spider:3)
  3 deep elf annihilators (Elf:3)
  3 vault guards
  2 hydras
  A death knight (Vaults:5)
  A deep troll shaman (Vaults:1)
  2 two-headed ogres
  3 alligators
  A dancing weapon (Elf:2)
  A lindwurm (Lair:5)
  2 deep trolls
  An ironbrand convoker (Vaults:2)
  A necromancer (Vaults:3)
  5 orc knights
  4 orb spiders (Spider:4)
  7 deep elf magi
  An orc sorcerer (Orc:2)
  A wolf spider (Spider:1)
  2 ugly things (Vaults:2)
  4 elephants (Lair:5)
  A centaur zombie (D:15)
  A black mamba (Lair:6)
  A centaur skeleton (D:15)
  A demonic crawler (Spider:1)
  A swamp worm zombie (Swamp:4)
  4 yaktaurs
  2 jumping spiders
  2 bog bodies
  A dream sheep (Lair:4)
  2 slime creatures
  A tarantella (Spider:2)
  5 redbacks
  A wyvern (D:9)
  A basilisk (Lair:6)
  2 wraiths (Orc:2)
  2 yaks (IceCv)
  A hungry ghost (D:7)
  A steam dragon (Lair:6)
  A vampire mosquito (Swamp:4)
  2 wargs
  A hell hound (Lair:6)
  14 orc warriors
  2 boggarts (Vaults:1)
  2 ogres
  A wolf (Lair:4)
  A bullfrog (D:12)
  A wyvern skeleton (D:14)
  A lava snake (Lair:6)
  A hound (D:5)
  An orc priest (D:5)
  4 orc wizards
  A howler monkey zombie (D:6)
  4 gnolls (D:5)
  25 orcs
  A quokka (D:5)
  A kobold (D:9)
  A crawling corpse (Elf:3)
155 creatures vanquished.

Vanquished Creatures (others)
  An eldritch tentacle (Lair:3)
  A deep elf annihilator (Elf:3)
  A hydra (Swamp:2)
  2 deep elf magi
  An ice devil (Spider:1)
  2 red devils (Spider:1)
  A jumping spider (Spider:1)
  A human (D:14)
  A swamp worm (Lair:2)
  A boggart (Elf:1)
  An orc priest (D:5)
  A ball lightning (Spider:1)
  5 orcs
  2 jackals
  A crawling corpse (Elf:3)
  4 fire vortices
  2 fungi (Lair:3)
28 creatures vanquished.

Grand Total: 1738 creatures vanquished

Notes
Turn   | Place    | Note
-------+----------+-------------------------------------------
     0 | D:1      | lolwat the Demonspawn Chaos Knight began the quest for the Orb.
     0 | D:1      | Reached XP level 1. HP: 18/18 MP: 1/1
    32 | D:1      | XOM: harmless Tmut miscast
   397 | D:1      | XOM: harmless Summ miscast
   401 | D:1      | XOM: harmless Air miscast
   425 | D:1      | XOM: harmless Chrm miscast
   587 | D:1      | XOM: divination: detect creatures
   600 | D:1      | Reached skill level 2 in Armour
   600 | D:1      | Gained mutation: You have sharp fingernails. [demonic ancestry]
   600 | D:1      | Reached XP level 2. HP: 18/24 MP: 2/2
   796 | D:1      | Reached skill level 1 in Dodging
   994 | D:1      | XOM: silly message
  1031 | D:1      | XOM: cloud trail
  1038 | D:2      | Gained mutation: You are partially covered in iridescent scales. (AC +2) [demonic ancestry]
  1038 | D:2      | Reached XP level 3. HP: 29/29 MP: 3/3
  1187 | D:2      | Found a burning altar of Makhleb.
  1192 | D:2      | Gained mutation: You have very sharp fingernails. [demonic ancestry]
  1192 | D:2      | Reached XP level 4. HP: 21/35 MP: 4/4
  1199 | D:2      | XOM: cloud trail
  1238 | D:2      | XOM: potion effect (agility)
  1434 | D:2      | XOM: medium Tmut miscast
  1500 | D:2      | Reached XP level 5. HP: 41/41 MP: 5/5
  1609 | D:2      | XOM: smoke on damage
  1714 | D:2      | Found Zin's Purification Station.
  1714 | D:2      | Found a glowing silver altar of Zin.
  1900 | D:2      | XOM: mild Fire miscast
  2475 | D:3      | Found a transporter.
  2491 | D:3      | Found a transporter.
  2564 | D:3      | Reached skill level 3 in Armour
  2565 | D:3      | Found a glowing golden altar of the Shining One.
  2571 | D:3      | XOM: give mutations
  2571 | D:3      | Gained mutation: You are weak. (Str -2) [Xom's mischief]
  2571 | D:3      | Gained mutation: You occasionally shout uncontrollably at your foes. [Xom's mischief]
  2584 | D:3      | XOM: harmless Chrm miscast
  2639 | D:3      | XOM: 2-stop teleportation journey
  2724 | D:3      | XOM: 1-stop teleportation journey
  3259 | D:4      | XOM: polymorph frilled lizard -> river rat
  3272 | D:4      | Gained mutation: You are mostly covered in iridescent scales. (AC +4) [demonic ancestry]
  3272 | D:4      | Reached XP level 6. HP: 28/47 MP: 6/6
  3485 | D:4      | Reached skill level 4 in Armour
  3597 | D:4      | XOM: cleaving
  3737 | D:4      | XOM: confuse monster(s)
  3756 | D:4      | Reached skill level 5 in Armour
  3769 | D:4      | XOM: scenery: create altars
  3855 | D:4      | Noticed Banto's ghost (amateur OpEE)
  3865 | D:4      | XOM: confuse monster(s)
  3868 | D:4      | Killed Banto's ghost
  3868 | D:4      | Gained mutation: A weak demonic guardian rushes to your aid. [demonic ancestry]
  3868 | D:4      | Reached XP level 7. HP: 42/52 MP: 7/7
  3950 | D:4      | Reached skill level 6 in Armour
  3989 | D:4      | XOM: polymorph hound -> hound
  4115 | D:5      | Entered Level 5 of the Dungeon
  4234 | D:5      | XOM: cloud trail
  4297 | D:5      | XOM: destruction
  4347 | D:5      | XOM: mild Pois miscast
  4359 | D:5      | Reached skill level 7 in Armour
  4387 | D:5      | XOM: destruction
  4448 | D:5      | XOM: scenery: create altars
  4452 | D:5      | Reached XP level 8. HP: 41/58 MP: 8/8
  4738 | D:5      | Lost mutation: You occasionally shout uncontrollably at your foes. [potion of mutation]
  4738 | D:5      | Lost mutation: You are weak. (Str -2) [potion of mutation]
  4738 | D:5      | Gained mutation: Your muscles are strong. (Str +2) [potion of mutation]
  4738 | D:5      | Gained mutation: Scrolls take you a little longer to read. [potion of mutation]
  4738 | D:5      | Gained mutation: Your natural rate of healing is unusually fast. [potion of mutation]
  4815 | D:5      | XOM: summons friendly quasit
  4817 | D:5      | Reached skill level 8 in Armour
  4857 | D:5      | Reached skill level 1 in Shields
  5211 | D:6      | XOM: polymorph centaur -> hound
  5212 | D:6      | XOM: enchant monster (good)
  5301 | D:6      | XOM: divination: magic mapping
  5468 | D:6      | Found Wibubb's Magic Scroll Shoppe.
  5500 | D:6      | Bought a scroll of enchant weapon for 97 gold pieces
  5500 | D:6      | Bought a scroll of enchant weapon for 97 gold pieces
  5549 | D:6      | XOM: polymorph hound -> ooze
  5948 | D:6      | XOM: cloud trail
  6030 | D:6      | Found a staircase to the Ecumenical Temple.
  6043 | D:6      | XOM: give mutations
  6043 | D:6      | Gained mutation: Your muscles are very strong. (Str +4) [Xom's grace]
  6043 | D:6      | Gained mutation: You have a pair of small horns on your head. [Xom's grace]
  6043 | D:6      | Gained mutation: You evolve. [Xom's grace]
  6043 | D:6      | Gained mutation: You have sharp toenails. [Xom's grace]
  6154 | D:7      | Gained mutation: You are partially covered in sharp spines. [demonic ancestry]
  6154 | D:7      | Reached XP level 9. HP: 64/64 MP: 9/9
  6157 | D:7      | Found an iron altar of Okawaru.
  6187 | D:7      | Found a hazy altar of Hepliaklqana.
  6283 | D:7      | XOM: cast spell 'Olgreb's Toxic Radiance'
  6298 | D:7      | Found a sacrificial altar of Ru.
  6298 | D:7      | Found a white marble altar of Elyvilon.
  6307 | D:7      | Found a sparkling altar of Nemelex Xobeh.
  6326 | D:7      | Reached skill level 9 in Armour
  6349 | D:7      | Reached skill level 5 in Long Blades
  6355 | D:7      | Found a shadowy altar of Dithmenos.
  6366 | D:7      | XOM: summons friendly shadow imp
  6378 | D:7      | XOM: polymorph shadow imp -> white imp
  6537 | D:7      | XOM: confusion
  6582 | D:7      | XOM: confusion (+ monsters)
  6698 | D:7      | XOM: summons 2 hostile demons
  6766 | D:7      | XOM: summons 3 hostile shadow creatures
  6804 | D:7      | Found an opulent altar of Gozag.
  6808 | D:7      | Found a stormy altar of Qazlal.
  6925 | D:8      | XOM: summons 9 friendly demons
  7224 | D:8      | XOM: confusion (+ monsters)
  7238 | D:8      | XOM: divine lightning
  7284 | D:8      | XOM: harmless Air miscast
  7303 | D:8      | Reached skill level 10 in Armour
  7356 | D:8      | XOM: 2-stop teleportation journey
  7492 | D:8      | Found a transporter.
  7498 | D:8      | Found a viscous altar of Jiyva.
  7749 | D:9      | XOM: harmless Necr miscast
  7776 | D:9      | Got a crude falchion {drain}
  7779 | D:9      | Identified the +5 falchion of Ocufupt {drain, rN++ Int+4} (You took it off a kobold on level 9 of the Dungeon)
  7787 | D:9      | Found a shattered altar of Ashenzari.
  7819 | D:9      | Found a staircase to the Orcish Mines.
  7869 | D:9      | Killed an unseen horror
  7869 | D:9      | Gained mutation: You are mostly covered in sharp spines. [demonic ancestry]
  7869 | D:9      | Reached XP level 10. HP: 72/73 MP: 10/10
  7960 | D:9      | XOM: confusion (+ monsters)
  8136 | D:9      | XOM: cast spell 'Summon Ice Beast'
  8170 | D:9      | Lost mutation: Scrolls take you a little longer to read. [evolution]
  8226 | D:9      | Noticed Erica
  8234 | D:9      | XOM: summons friendly crimson imp
  8238 | D:9      | Killed Erica
  8397 | D:9      | XOM: enchant monster (good)
  8407 | D:9      | Reached skill level 5 in Fighting
  8531 | D:10     | Entered Level 10 of the Dungeon
  8704 | D:10     | Noticed a two-headed ogre
  8717 | D:10     | Killed a two-headed ogre
  8717 | D:10     | Reached skill level 11 in Armour
  8946 | D:10     | XOM: give mutations
  8946 | D:10     | Gained mutation: You are clumsy. (Dex -2) [Xom's mischief]
  8946 | D:10     | Lost mutation: You have sharp toenails. [Xom's mischief]
  9075 | D:10     | Noticed Maurice
  9085 | D:10     | Killed Maurice
  9085 | D:10     | XOM: enchant monster (good)
  9086 | D:10     | Found a staircase to the Lair.
  9086 | D:10     | XOM: swap monsters
  9086 | D:10     | Noticed an elephant
  9097 | D:10     | XOM: fog
  9107 | D:10     | Killed an elephant
  9107 | D:10     | Reached XP level 11. HP: 69/80 MP: 11/11
  9147 | D:10     | Noticed a two-headed ogre
  9151 | D:10     | a two-headed ogre changed into a manticore
  9151 | D:10     | XOM: polymorph two-headed ogre -> manticore
  9228 | D:10     | XOM: god gift: flail {god gift}
  9326 | D:10     | XOM: god gift: metallic pink potion {god gift}
  9332 | D:10     | Noticed Urug
  9343 | D:10     | Killed an unseen horror
  9346 | D:10     | XOM: god gift: wand of scattershot (4)
  9348 | D:10     | XOM: summons friendly crimson imp
  9349 | D:10     | XOM: destruction
  9354 | D:10     | Noticed a two-headed ogre
  9359 | D:10     | XOM: summons 2 friendly demons
  9360 | D:10     | Killed Urug
  9367 | D:10     | Killed a two-headed ogre
  9727 | D:10     | Reached skill level 12 in Armour
  9894 | Lair:1   | Entered Level 1 of the Lair of Beasts
  9913 | Lair:1   | XOM: god gift: robe {god gift}
 10469 | Lair:1   | Identified a scroll of acquirement
 10470 | Lair:1   | Noticed a six-headed hydra
 10479 | Lair:1   | Reached skill level 10 in Long Blades
 10483 | Lair:1   | Killed a two-headed hydra
 10486 | Lair:1   | Got an ancient garnet amulet
 10488 | Lair:1   | Identified the amulet of Imucw {rElec rC- MR+ Regen+ Str+4} (You acquired it on level 1 of the Lair of Beasts)
 10998 | Lair:2   | XOM: harmless Hex miscast
 11292 | Lair:2   | Gained mutation: A demonic guardian rushes to your aid. [demonic ancestry]
 11292 | Lair:2   | Reached XP level 12. HP: 86/89 MP: 12/12
 11492 | Lair:2   | Found a staircase to the Swamp.
 11777 | Lair:2   | Reached skill level 13 in Armour
 11796 | Lair:2   | Found a hole to the Spider Nest.
 11837 | Lair:2   | XOM: cloud trail
 12018 | Lair:3   | XOM: severe Summ miscast
 12028 | Lair:3   | HP: 3/91 [eldritch tentacle[the severe capriciousness of Xom] (10)]
 12246 | Lair:3   | XOM: enchant monster (bad)
 12328 | Lair:3   | XOM: medium Tloc miscast
 12349 | Lair:3   | XOM: 1-stop teleportation journey
 12357 | Lair:3   | XOM: give mutations
 12357 | Lair:3   | Lost mutation: Your muscles are very strong. (Str +4) [Xom's mischief]
 12357 | Lair:3   | Lost mutation: Your muscles are strong. (Str +2) [Xom's mischief]
 12369 | Lair:3   | XOM: give mutations
 12369 | Lair:3   | Gained mutation: Your body sometimes deteriorates upon taking damage. [Xom's mischief]
 12369 | Lair:3   | Lost mutation: You are clumsy. (Dex -2) [Xom's mischief]
 12369 | Lair:3   | Gained mutation: You are weak. (Str -2) [Xom's mischief]
 12389 | Lair:3   | XOM: give mutations
 12389 | Lair:3   | Gained mutation: You have sharp toenails. [Xom's mischief]
 12389 | Lair:3   | Lost mutation: You evolve. [Xom's mischief]
 12394 | Lair:3   | XOM: mild Pois miscast
 12987 | Lair:4   | XOM: 1-stop teleportation journey
 12996 | Lair:4   | XOM: enchant monster (bad)
 12998 | Lair:4   | XOM: 2-stop teleportation journey
 13065 | Lair:4   | XOM: noise
 13534 | Lair:4   | XOM: give mutations
 13534 | Lair:4   | Gained mutation: Scrolls take you a little longer to read. [Xom's mischief]
 13534 | Lair:4   | Lost mutation: Scrolls take you a little longer to read. [Xom's mischief]
 13534 | Lair:4   | Lost mutation: You are weak. (Str -2) [Xom's mischief]
 13777 | Lair:4   | XOM: mild Summ miscast
 13965 | Lair:5   | Noticed a six-headed hydra
 13979 | Lair:5   | XOM: cast spell 'Summon Hydra'
 13983 | Lair:5   | Killed a five-headed hydra
 14010 | Lair:5   | Found a labyrinth entrance.
 14019 | Lab      | Entered a labyrinth
 14301 | Lab      | Reached skill level 14 in Armour
 14308 | Lab      | XOM: enchant monster (good)
 14557 | Lab      | XOM: 3-stop teleportation journey
 14599 | Lab      | Noticed a minotaur
 14609 | Lab      | Killed a minotaur
 14667 | Lair:5   | Found a stormy altar of Qazlal.
 14673 | Lair:5   | Gained mutation: You are completely covered in iridescent scales. (AC +6) [demonic ancestry]
 14673 | Lair:5   | Reached XP level 13. HP: 98/98 MP: 13/13
 15015 | Lair:6   | Entered Level 6 of the Lair of Beasts
 15099 | Lair:6   | XOM: potion effect (haste)
 15275 | Lair:6   | XOM: confusion
 15604 | Lair:6   | Found an ancient bone altar of Kikubaaqudgha.
 15658 | Lair:6   | Found a viscous altar of Jiyva.
 15658 | Lair:6   | Found a staircase to the Slime Pits.
 15857 | Lair:6   | XOM: harmless Summ miscast
 16050 | Lair:6   | XOM: silly message
 16138 | Lair:6   | Noticed a fire dragon
 16140 | Lair:6   | Found a large runed door.
 16140 | Lair:6   | Found a large runed door.
 16389 | Lair:6   | XOM is BORED!
 16389 | Lair:6   | XOM: harmless Ice miscast
 16647 | Lair:6   | Killed a fire dragon
 16955 | Orc:1    | Entered Level 1 of the Orcish Mines
 16990 | Orc:1    | Found Dxzosah's Desiderata Depot.
 17078 | Orc:1    | XOM: harmless Erth miscast
 17358 | Orc:1    | Noticed an orc warlord
 17559 | Orc:1    | XOM: give mutations
 17559 | Orc:1    | Gained mutation: Your spells are a little harder to cast, but a little more powerful. [Xom's grace]
 17559 | Orc:1    | Gained mutation: Your spells are harder to cast, but more powerful. [Xom's grace]
 17559 | Orc:1    | Gained mutation: You are agile. (Dex +2) [Xom's grace]
 17559 | Orc:1    | Gained mutation: Your mind is acute. (Int +2) [Xom's grace]
 17591 | Orc:1    | XOM: blink monster(s)
 17616 | Orc:1    | XOM: confuse monster(s)
 17628 | Orc:1    | Killed an orc warlord
 17628 | Orc:1    | Reached skill level 15 in Armour
 17996 | Orc:2    | Entered Level 2 of the Orcish Mines
 17996 | Orc:2    | Noticed Josephine
 18001 | Orc:2    | Killed Josephine
 18005 | Orc:2    | XOM: polymorph sixfirhy -> sun demon
 18012 | Orc:2    | Found a staircase to the Elven Halls.
 18047 | Orc:2    | XOM: 2-stop teleportation journey
 18113 | Orc:2    | Found a roughly hewn altar of Beogh.
 18138 | Orc:2    | XOM: fog
 18139 | Orc:2    | XOM: give mutations
 18139 | Orc:2    | Gained mutation: Your muscles are strong. (Str +2) [Xom's grace]
 18139 | Orc:2    | Gained mutation: Your flesh is cold resistant. (rC+) [Xom's grace]
 18140 | Orc:2    | XOM: cast spell 'Summon Horrible Things'
 18141 | Orc:2    | Noticed an orc warlord
 18162 | Orc:2    | Killed an orc warlord
 18194 | Orc:2    | Found Bokaakau's Antique Weapon Emporium.
 18232 | Orc:2    | XOM: 1-stop teleportation journey
 18295 | Orc:2    | XOM: medium Summ miscast
 18376 | Orc:2    | XOM: confuse monster(s)
 18402 | Orc:2    | XOM: noise
 18409 | Orc:2    | Noticed an orc warlord
 18413 | Orc:2    | Found a roughly hewn altar of Beogh.
 18414 | Orc:2    | XOM: enchant monster (good)
 18415 | Orc:2    | Paralysed by an orc sorcerer for 5 turns
 18419 | Orc:2    | XOM: confuse monster(s)
 18432 | Orc:2    | Killed an orc warlord
 18432 | Orc:2    | Gained mutation: You resist negative energy. (rN+) [demonic ancestry]
 18432 | Orc:2    | Reached XP level 14. HP: 108/108 MP: 14/14
 18445 | Orc:2    | Found Wyxto's Antique Armour Shop.
 18452 | Orc:2    | XOM: scenery: create altars
 18457 | Orc:2    | Found Ropsuj's General Store.
 18488 | Orc:2    | XOM: cloud trail
 18588 | Orc:2    | Found Qithriy's Antique Weapon Shop.
 18631 | Orc:2    | Found Ceis's Jewellery Shop.
 18637 | Orc:2    | Bought the ring "Mommoxzi" {rC+ MR+} for 624 gold pieces
 18825 | Orc:2    | Bought a runed scarf for 240 gold pieces
 18825 | Orc:2    | Bought a pair of boots for 135 gold pieces
 18857 | Orc:2    | Bought a steaming long sword for 289 gold pieces
 18861 | Orc:2    | XOM: scenery: create altars
 18990 | D:11     | Noticed neozumm's ghost (journeyman MiBe)
 19021 | D:11     | Killed neozumm's ghost
 19083 | D:11     | XOM: cloud trail
 19216 | D:11     | XOM: cloud trail
 19391 | D:11     | XOM: polymorph bullfrog -> swamp drake
 19403 | D:11     | XOM: 1-stop teleportation journey
 19404 | D:11     | XOM: enchant monster (bad)
 19496 | D:11     | XOM: mild Ice miscast
 19917 | D:12     | Noticed Nergalle
 19924 | D:12     | Killed Nergalle
 19929 | D:12     | Noticed Psyche
 19934 | D:12     | Killed Psyche
 20191 | D:12     | XOM: polymorph sixfirhy -> sun demon
 20230 | D:12     | Identified the +8 long sword of Dyukigiall {chaos, +Inv rElec rC+ rN+} (You bought it in a shop on level 2 of the Orcish Mines)
 20864 | D:8      | Found a transporter.
 20872 | D:8      | XOM: harmless Hex miscast
 21039 | Temple   | Entered the Ecumenical Temple
 21167 | Temple   | XOM: harmless Fire miscast
 21268 | D:2      | Fell from the grace of Xom
 21268 | D:2      | Became a worshipper of Makhleb the Destroyer
 21625 | D:13     | Noticed htuhola's ghost (journeyman MiFi)
 21662 | D:13     | Killed htuhola's ghost
 21662 | D:13     | Reached skill level 10 in Fighting
 21698 | D:13     | XOM: 4-stop teleportation journey
 21716 | D:13     | XOM: enchant monster (bad)
 21733 | D:13     | Reached * piety under Makhleb
 21789 | D:13     | Found a gate to the Vaults.
 21814 | D:13     | XOM: mild Fire miscast
 21915 | D:13     | Reached skill level 16 in Armour
 22019 | D:13     | XOM: give mutation
 22019 | D:13     | Lost mutation: Your muscles are strong. (Str +2) [Xom's mischief]
 22079 | D:13     | XOM: give mutation
 22079 | D:13     | Lost mutation: Your spells are harder to cast, but more powerful. [Xom's mischief]
 22121 | D:14     | Found a frozen archway.
 22154 | IceCv    | Entered an ice cave
 22258 | IceCv    | Reached ** piety under Makhleb
 22296 | IceCv    | Noticed a frost giant
 22315 | IceCv    | Noticed a quicksilver dragon
 22315 | IceCv    | a frost giant changed into a quicksilver dragon
 22319 | IceCv    | Killed a quicksilver dragon
 22391 | IceCv    | XOM: medium Necr miscast
 22733 | IceCv    | Got a heavily runed hat
 22744 | IceCv    | Identified the +0 hat "Ykhim" {Int+2 Slay+2 SInv} (You found it in an ice cave)
 22851 | D:14     | XOM: medium Tloc miscast
 23200 | D:14     | Noticed Kirke
 23202 | D:14     | Reached *** piety under Makhleb
 23214 | D:14     | Killed Kirke
 23214 | D:14     | Gained mutation: You have claws for hands. [demonic ancestry]
 23214 | D:14     | Reached XP level 15. HP: 104/117 MP: 15/15
 23336 | D:14     | XOM: mild Ice miscast
 23488 | D:15     | Entered Level 15 of the Dungeon
 23720 | D:15     | Reached **** piety under Makhleb
 23825 | D:15     | XOM: mild Necr miscast
 23855 | D:15     | XOM: divination: magic mapping
 23872 | D:15     | Found a staircase to the Depths.
 24168 | Swamp:1  | Entered Level 1 of the Swamp
 24211 | Swamp:1  | Reached skill level 17 in Armour
 24334 | Swamp:1  | XOM: confusion (+ monsters)
 24936 | Swamp:2  | Noticed a thorn hunter
 24940 | Swamp:2  | Reached ***** piety under Makhleb
 24948 | Swamp:2  | Killed a thorn hunter
 24996 | Swamp:2  | Noticed a thorn hunter
 25007 | Swamp:2  | Killed a thorn hunter
 25702 | Swamp:3  | Noticed brujo666's ghost (journeyman BaBe)
 25728 | Swamp:3  | Killed brujo666's ghost
 25770 | Swamp:3  | XOM: give mutation
 25770 | Swamp:3  | Lost mutation: You are agile. (Dex +2) [Xom's mischief]
 25825 | Swamp:3  | Reached XP level 16. HP: 127/127 MP: 16/16
 26230 | Swamp:3  | XOM: noise
 26417 | Swamp:4  | Entered Level 4 of the Swamp
 26449 | Swamp:4  | Noticed a thorn hunter
 26460 | Swamp:4  | Killed a thorn hunter
 26531 | Swamp:4  | Noticed a thorn hunter
 26543 | Swamp:4  | Killed a thorn hunter
 26543 | Swamp:4  | Reached skill level 15 in Long Blades
 26543 | Swamp:4  | Reached skill level 18 in Armour
 26773 | Swamp:4  | XOM: confusion
 26883 | Swamp:4  | Reached ****** piety under Makhleb
 26892 | Swamp:4  | Noticed a bone dragon
 26922 | Swamp:4  | Killed a bone dragon
 27153 | Swamp:4  | Got a decaying rune of Zot
 27605 | Orc:1    | Bought a +0 demon blade of electrocution for 474 gold pieces
 27754 | Spider:1 | Entered Level 1 of the Spider Nest
 27902 | Spider:1 | Found a transporter.
 28002 | Spider:1 | XOM: noise
 28483 | Spider:1 | Found a transporter.
 28501 | Spider:1 | Noticed Roxanne
 28533 | Spider:1 | Killed Roxanne
 28673 | Spider:1 | XOM: scenery: create altars
 28683 | Spider:1 | Gained mutation: You are clumsy. (Dex -2) [the power of Zot]
 28683 | Spider:1 | Gained mutation: You tend to lose your temper in combat. [the power of Zot]
 28756 | Spider:1 | Got a shimmering pewter ring
 28763 | Spider:1 | Got a smoking tin ring
 28779 | Spider:1 | Identified the ring of Apaehir {MR+ MP+9 Str+4 Dex+7} (You found it on level 1 of the Spider Nest)
 28780 | Spider:1 | Identified the ring "Benn" {MR+ MP+9} (You found it on level 1 of the Spider Nest)
 28904 | Spider:3 | XOM: polymorph jumping spider -> moth of wrath
 28958 | Spider:3 | Reached skill level 19 in Armour
 28980 | Spider:3 | Noticed Arachne
 28981 | Spider:3 | Lost mutation: You have a pair of small horns on your head. [potion of mutation]
 28981 | Spider:3 | Lost mutation: Your spells are a little harder to cast, but a little more powerful. [potion of mutation]
 28981 | Spider:3 | Lost mutation: Your body sometimes deteriorates upon taking damage. [potion of mutation]
 28981 | Spider:3 | Gained mutation: You are robust. (+10% HP) [potion of mutation]
 28981 | Spider:3 | Lost mutation: You are clumsy. (Dex -2) [potion of mutation]
 28981 | Spider:3 | Gained mutation: You are covered in fur. (AC +1) [potion of mutation]
 28997 | Spider:3 | Killed Arachne
 28997 | Spider:3 | Reached XP level 17. HP: 130/150 MP: 17/17
 29506 | Spider:3 | XOM: stat loss: -1 Str (25/26)
 29632 | Spider:4 | Entered Level 4 of the Spider Nest
 29728 | Spider:4 | Noticed Bai Suzhen
 29761 | Spider:4 | Killed Bai Suzhen
 29783 | Spider:4 | HP: 2/150 [disintegration (43)]
 29835 | Spider:3 | XOM: give mutations
 29835 | Spider:3 | Lost mutation: Your mind is acute. (Int +2) [Xom's mischief]
 29835 | Spider:3 | Gained mutation: You have a pair of small antennae on your head. [Xom's mischief]
 30765 | Spider:4 | XOM: god gift: scroll of teleportation
 31004 | Spider:4 | XOM: torment (49/152 hp)
 31378 | Spider:4 | Lost mutation: Your flesh is cold resistant. (rC+) [potion of mutation]
 31378 | Spider:4 | Lost mutation: You tend to lose your temper in combat. [potion of mutation]
 31378 | Spider:4 | Gained mutation: You expend magic power (3 MP) to strengthen your wands. [potion of mutation]
 31409 | Spider:4 | Got a gossamer rune of Zot
 31622 | D:10     | XOM: give mutation
 31622 | D:10     | Gained mutation: You occasionally shout uncontrollably at your foes. [Xom's mischief]
 31672 | Elf:1    | Entered Level 1 of the Elven Halls
 31876 | Elf:1    | Found Totzuwun's One-of-a-Kind Books.
 31898 | Elf:1    | Learned a level 9 spell: Shatter
 31958 | Elf:1    | Reached skill level 20 in Armour
 32122 | Elf:1    | Reached XP level 18. HP: 161/161 MP: 18/18
 32439 | Elf:2    | Found a radiant altar of Vehumet.
 32597 | Elf:2    | Found a runed gate.
 32597 | Elf:2    | Found a runed gate.
 32617 | Elf:2    | Found a runed gate.
 32629 | Elf:2    | XOM: summons 1 hostile demon
 32629 | Elf:2    | Was forgiven by Xom
 33074 | Elf:2    | Reached skill level 15 in Fighting
 33193 | Elf:2    | Noticed Louise
 33202 | Elf:2    | Killed Louise
 33267 | Elf:2    | Reached skill level 5 in Shields
 33340 | Elf:3    | Entered Level 3 of the Elven Halls
 33345 | Elf:3    | Noticed Jorgrun
 33367 | Elf:3    | Killed Jorgrun
 33898 | Elf:3    | Found Keudeam's Food Shoppe.
 34094 | Elf:3    | Got a pitted silver amulet
 34127 | Elf:3    | Reached XP level 19. HP: 92/170 MP: 19/19
 34130 | Elf:3    | Got a warped great sword {slice}
 34131 | Elf:3    | Identified the +4 great sword of Dithmenos's Esteem {slice, rC+ Str+3} (You took it off a deep elf annihilator on level 3 of the Elven Halls)
 34349 | Elf:3    | Got a fine pewter ring
 34385 | Elf:3    | Identified the Catalogue of the Glacial Traveller
 34390 | Elf:3    | Identified the Collected Works on Calling and the Mountains
 34555 | Elf:3    | Identified the ring "Egiuskec" {MR+ Dex+6 SInv} (You took it off a deep elf annihilator on level 3 of the Elven Halls)
 34556 | Elf:3    | Identified the amulet of Midsummer {rPois rN+ Regen+ SInv Stlth-} (You took it off a deep elf death mage on level 3 of the Elven Halls)
 34853 | Vaults:1 | Entered Level 1 of the Vaults
 34857 | Vaults:1 | Got a heavily runed shield
 34868 | Vaults:1 | Identified the +5 shield "Ilorch" {Int+4} (You acquired it on level 1 of the Vaults)
 35023 | Vaults:1 | Found Aratinn's Book Boutique.
 35049 | Vaults:1 | Found Loixoj's Assorted Antiques.
 35057 | Vaults:1 | Bought a scroll labeled HOROESETUY for 42 gold pieces
 35057 | Vaults:1 | Bought a scroll of enchant armour for 315 gold pieces
 35057 | Vaults:1 | Bought a scroll of immolation for 147 gold pieces
 35057 | Vaults:1 | Bought a potion of mutation for 336 gold pieces
 35382 | Vaults:1 | Reached skill level 10 in Shields
 35873 | Vaults:1 | Found Uweuj's Food Shoppe.
 36030 | Vaults:1 | Found Sutusyli's Weapon Boutique.
 37015 | Vaults:2 | Noticed Mennas
 37042 | Vaults:2 | Killed Mennas
 37131 | Vaults:2 | Noticed Aizul
 37143 | Vaults:2 | Killed Aizul
 37570 | Vaults:2 | Gained mutation: You are completely covered in sharp spines. [demonic ancestry]
 37570 | Vaults:2 | Reached XP level 20. HP: 178/178 MP: 20/20
 38411 | Vaults:3 | Reached skill level 15 in Shields
 38836 | Vaults:3 | Found a staircase to the Crypt.
 38836 | Vaults:3 | Found a basalt altar of Yredelemnul.
 38837 | Vaults:3 | Found an ancient bone altar of Kikubaaqudgha.
 39185 | Vaults:3 | Upgraded the game from 0.22-a0-429-g97ce8ef721 to 0.22-a0-430-g6609fc65db
 40316 | Vaults:4 | Gained mutation: You are somewhat able to resist unholy torments (1 in 2 success). [demonic ancestry]
 40316 | Vaults:4 | Reached XP level 21. HP: 185/185 MP: 21/21
 40430 | Vaults:5 | Entered Level 5 of the Vaults
 40595 | Vaults:5 | Noticed a golden dragon
 40602 | Vaults:5 | Noticed GordonOverkill's ghost (veteran HOSu)
 40607 | Vaults:5 | Killed a golden dragon
 40658 | Vaults:5 | Killed GordonOverkill's ghost
 40805 | Vaults:5 | Found Upsucuna's Antique Weapon Shop.
 40805 | Vaults:5 | Noticed a golden dragon
 40805 | Vaults:5 | Found Uzienack's Gadget Shop.
 40807 | Vaults:5 | Noticed a golden dragon
 40853 | Vaults:5 | Killed a golden dragon
 40855 | Vaults:5 | Killed a golden dragon
 40863 | Vaults:5 | Noticed an ancient lich
 40886 | Vaults:5 | Killed an ancient lich
 40928 | Vaults:5 | Mangled by a deep troll

Vault maps used:
D:1:      ncdulo_wetmaze
D:2:      kennysheep_six_static_rooms, makhleb_heckhound_becter, zin_purify,
          grunt_ministairs_8
D:3:      gammafunk_steamed_eel, lemuel_round_altar, hangedman_feature_mirror
D:5:      first_ration
D:6:      temple_hall, serial_shops, shop, grunt_ministairs_2, roderic_batcave
D:7:      nicolae_dithmenos_shadow_blocks, lemuel_crystal_altar,
          kennysheep_okawaru_gauntlet, nicolae_overflow_hidden_temple
D:8:      gammafunk_jiyva_shrine
D:9:      nicolae_ashenzari_panopticon, orc_0_dummy, uniq_erica
D:10:     david_lair_generic, uniq_maurice, uniq_urug
D:11:     hangedman_pestilent_swarm
D:12:     uniq_psyche, uniq_nergalle
D:13:     david_vaults_4
D:14:     portal_ice_cave_entry_ice_beasts, minmay_crystal_water,
          grunt_ministairs_11, uniq_kirke
D:15:     hangedman_depths_entry_try_elsewhere_first, minmay_tree_intersection
Temple:   zaba_magenta_temple
Lair:1:   beast_lair_carwin_1
Lair:2:   nicolae_swamp_entry_splash_gauntlet, nicolae_spider_entry_non_spiders
Lair:5:   lab_entry_generic, lemuel_altar_in_water2, infiniplex_staircase_pool,
          grunt_megastairs_5
Lair:6:   cheibrodos_lair_end_hotspot, dpeg_slime_entry_enclosed_altar,
          basic_altar
Swamp:1:  evilmike_swamp_ruin_house_6
Swamp:2:  evilmike_swamp_ruin_house_3
Swamp:3:  serial_swamp_ruin, evilmike_swamp_ruin_house_5,
          hangedman_swamp_ruin_wall, cheibrodos_swamp_slimy
Swamp:4:  swamp_pestilence
Spider:1: gammafunk_its_a_trap, uniq_roxanne
Spider:2: guppyfry_spider_mini_1
Spider:3: uniq_arachne
Spider:4: spider_rune_water, guppyfry_hornet_nest, uniq_bai_suzhen
Orc:1:    nicolae_alphabet_shops, nicolae_orc_stony_grotto
Orc:2:    grunt_orc_cross, basic_altar, serial_shops, shop, uniq_josephine
Elf:1:    hangedman_elf_disciples, nicolae_rare_books
Elf:2:    basic_altar, uniq_louise
Elf:3:    minmay_elf_hall_dome, serial_shops, shop_fountains, st_stairs_4,
          grunt_ministairs_2, uniq_jorgrun
Vaults:1: vaults_room_grunt_arrival_ludios, hangedman_vaults_stretched_pinwheel,
          nicolae_vaults_sealed_display, v_misc_2,
          nicolae_vaults_network_periphery, vaults_mumra_chevron, v_misc_18,
          ontoclasm_vaults_misaligned, st_lattice, v_alt_pattern_6,
          vaults_dpeg_cross, v_misc_15, nicolae_vaults_rhombus_5, serial_shops,
          shop, nicolae_shop_crystal, shop_fountains, nicolae_shop_behind_doors
Vaults:2: hangedman_vaults_nails, nicolae_vaults_network_quinsquares,
          nicolae_vaults_little_ls, nicolae_vaults_circle_grid_b,
          ontoclasm_vaults_decontamination, hangedman_vaults_trim, uniq_aizul,
          uniq_mennas
Vaults:3: ontoclasm_vaults_loading_screen, ontoclasm_vaults_hangar,
          vaults_room_grid, nicolae_vaults_circle_grid_a, grunt_vaults_funnel,
          minmay_crypt_entry_necro_gods, hangedman_vaults_trim,
          nicolae_vaults_alarming, hangedman_vaults_river_flow, v_rooms_4,
          vaults_room_corners
Vaults:4: nicolae_vaults_back_hallway, vaults_dpeg_encased_lava,
          vaults_room_door_hall, nicolae_vaults_hallways_thing, v_misc_9,
          hangedman_vaults_snaps, nicolae_vaults_know_your_exits,
          ontoclasm_vaults_ring_small, nicolae_vaults_three_branches, v_misc_14,
          nicolae_vaults_circle_grid_b
Lab:      labyrinth_watery, nicolae_lab_stuck, nicolae_lab_blocks,
          labyrinth_skeletal_remains
IceCv:    ice_cave_small_giant

Skill      XL: |  1  2  3  4  5  6  7  8  9 10 11 12 13 14 15 16 17 18 19 20 21 |
---------------+----------------------------------------------------------------+-----
Long Blades    | 3 4 7 8 10 11 13 14 15 16 17 | 17.1
Armour         | 2 3 5 7 8 10 11 12 14 15 16 17 19 20 | 20.7
Dodging        | 1 |  1.5
Shields        | 4 9 14 16 18 | 18.5
Fighting       | 4 5 6 8 9 10 12 13 14 15 | 15.9

Action                   |  1- 3 |  4- 6 |  7- 9 | 10-12 | 13-15 | 16-18 | 19-21 || total
-------------------------+-------+-------+-------+-------+-------+-------+-------++-------
Melee: Falchion          |    78 |   281 |   578 |   175 |   382 |       |       ||  1494
       Kick              |       |       |    55 |    79 |   140 |       |       ||   274
       Headbutt          |       |       |    35 |   140 |   381 |   139 |       ||   695
       Scimitar          |       |       |       |   334 |   399 |   261 |       ||   994
       Long sword        |       |       |       |       |   538 |   571 |  1811 ||  2920
       Demon blade       |       |       |       |       |       |   713 |    28 ||   741
Evoke: Wand              |       |       |       |     8 |     7 |     3 |       ||    18
  Use: Scroll            |       |    11 |    11 |    16 |     9 |    15 |    15 ||    77
       Potion            |       |     4 |     2 |     9 |     5 |    11 |    12 ||    43
 Stab: Petrified         |       |    16 |    16 |       |    17 |     2 |     8 ||    59
       Sleeping          |       |     1 |       |     1 |       |       |       ||     2
       Confused          |       |     1 |     2 |     3 |     7 |     2 |     9 ||    24
       Paralysed         |       |       |     5 |     2 |    10 |     6 |    31 ||    54
       Distracted        |       |       |     1 |     4 |     4 |    11 |    15 ||    35
       Invisible         |       |       |       |     1 |     3 |     2 |       ||     6
       Petrifying        |       |       |       |       |     3 |     5 |    13 ||    21
  Eat: Chunk             |       |     2 |    15 |    15 |     9 |    11 |    17 ||    69
       Ration            |       |     2 |       |     4 |     8 |     6 |     2 ||    22
Armor: Leather armour    |    17 |    22 |       |       |       |       |       ||    39
       Crystal plate arm |       |   192 |   480 |   326 |   948 |  1184 |   953 ||  4083
       Skin              |       |       |     7 |     4 |       |       |       ||    11
Dodge: Dodged            |    45 |    47 |   107 |   121 |   286 |   334 |   314 ||  1254
       Deflected         |       |       |       |       |    25 |    22 |    23 ||    70
Block: Buckler           |       |       |   107 |   115 |   370 |   418 |       ||  1010
       Large shield      |       |       |       |       |       |   146 |     2 ||   148
       Shield            |       |       |       |       |       |       |  1830 ||  1830
       Rpst.: Falchion   |    15 |    14 |    28 |     9 |    16 |       |       ||    82
       Scimitar          |       |       |       |    22 |    16 |     6 |       ||    44
       Long sword        |       |       |       |       |    24 |    20 |    53 ||    97
       Demon blade       |       |       |       |       |       |    30 |       ||    30

Table legend:
 A = Spawn XP
 B = Non-spawn XP
 C = Spawn XP percentage of total XP
 D = Spawn monster count
 E = Non-spawn monster count
 F = Spawn count percentage of total count
 G = Total turns spent on level
                    A         B        C        D         E        F      G
               +---------+---------+-------+---------+---------+-------+---------
         Total |       0 |  676106 |   0.0 |       0 |    1712 |   0.0 | 40928
               +---------+---------+-------+---------+---------+-------+---------
           D:1 |       0 |      39 |   0.0 |       0 |      13 |   0.0 |  1035
           D:2 |       0 |     180 |   0.0 |       0 |      29 |   0.0 |  1050
           D:3 |       0 |      96 |   0.0 |       0 |      29 |   0.0 |  1154
           D:4 |       0 |     707 |   0.0 |       0 |      24 |   0.0 |   969
           D:5 |       0 |    1131 |   0.0 |       0 |      47 |   0.0 |  1093
           D:6 |       0 |     625 |   0.0 |       0 |      25 |   0.0 |  1014
           D:7 |       0 |    1317 |   0.0 |       0 |      32 |   0.0 |   843
           D:8 |       0 |    2497 |   0.0 |       0 |      37 |   0.0 |   955
           D:9 |       0 |    2746 |   0.0 |       0 |      33 |   0.0 |  1005
          D:10 |       0 |    7253 |   0.0 |       0 |      41 |   0.0 |  1773
          D:11 |       0 |    6732 |   0.0 |       0 |      49 |   0.0 |   994
          D:12 |       0 |    3918 |   0.0 |       0 |      25 |   0.0 |   876
          D:13 |       0 |    5996 |   0.0 |       0 |      44 |   0.0 |   595
          D:14 |       0 |   11805 |   0.0 |       0 |      38 |   0.0 |   736
          D:15 |       0 |   16226 |   0.0 |       0 |      38 |   0.0 |   522
        Lair:1 |       0 |    5446 |   0.0 |       0 |      19 |   0.0 |  1183
        Lair:2 |       0 |    3315 |   0.0 |       0 |      24 |   0.0 |  1233
        Lair:3 |       0 |    2269 |   0.0 |       0 |      12 |   0.0 |   888
        Lair:4 |       0 |    4769 |   0.0 |       0 |      25 |   0.0 |  1090
        Lair:5 |       0 |    7200 |   0.0 |       0 |      19 |   0.0 |   504
        Lair:6 |       0 |   11041 |   0.0 |       0 |      39 |   0.0 |  1768
       Swamp:1 |       0 |    6037 |   0.0 |       0 |      14 |   0.0 |   633
       Swamp:2 |       0 |   18570 |   0.0 |       0 |      54 |   0.0 |   873
       Swamp:3 |       0 |   10431 |   0.0 |       0 |      26 |   0.0 |   799
       Swamp:4 |       0 |   31094 |   0.0 |       0 |      75 |   0.0 |   972
      Spider:1 |       0 |   12207 |   0.0 |       0 |      34 |   0.0 |   623
      Spider:2 |       0 |   10180 |   0.0 |       0 |      30 |   0.0 |   444
      Spider:3 |       0 |   18545 |   0.0 |       0 |      42 |   0.0 |   882
      Spider:4 |       0 |   47248 |   0.0 |       0 |      93 |   0.0 |  1822
         Orc:1 |       0 |    5416 |   0.0 |       0 |      60 |   0.0 |  1115
         Orc:2 |       0 |    9754 |   0.0 |       0 |      66 |   0.0 |   968
         Elf:1 |       0 |   19081 |   0.0 |       0 |      33 |   0.0 |   734
         Elf:2 |       0 |   38257 |   0.0 |       0 |      56 |   0.0 |   995
         Elf:3 |       0 |   44012 |   0.0 |       0 |      43 |   0.0 |  1309
      Vaults:1 |       0 |   43099 |   0.0 |       0 |      75 |   0.0 |  1578
      Vaults:2 |       0 |   59800 |   0.0 |       0 |      80 |   0.0 |  1488
      Vaults:3 |       0 |   45162 |   0.0 |       0 |      82 |   0.0 |  1336
      Vaults:4 |       0 |   62186 |   0.0 |       0 |     105 |   0.0 |  1175
      Vaults:5 |       0 |   88177 |   0.0 |       0 |      61 |   0.0 |   498
           Lab |       0 |    1902 |   0.0 |       0 |       5 |   0.0 |   596
         IceCv |       0 |    9640 |   0.0 |       0 |      36 |   0.0 |   671
               +---------+---------+-------+---------+---------+-------+---------
